 Seeded DCSS version 0.27.1 (webtiles) character file.

Game seed: 711 (custom seed)

1303 a11behringer the Carver (level 8, -1/51 HPs)
             Began as a Minotaur Abyssal Knight on Aug 27, 2021.
             Was an Initiate of Okawaru.
             Killed from afar by a wretched star (14 damage)
             ... with a lance of force
             ... created by the touch of Lugonu
             ... on level 5 of the Dungeon on Aug 28, 2021.
             The game lasted 00:28:48 (5725 turns).

a11behringer the Carver (Minotaur Abyssal Knight)   Turns: 5725, Time: 00:28:49

Health: -1/51      AC: 19    Str: 16    XL:     8   Next: 31%
Magic:  7/9        EV: 11    Int:  9    God:    Okawaru [......]
Gold:   218        SH:  0    Dex: 19    Spells: 7/7 levels left

rFire    . . .     SeeInvis +   a - +1 falchion
rCold    . . .     Faith    .   (no shield)
rNeg     . . .     Spirit   .   w - +0 chain mail
rPois    .         Reflect  .   (helmet restricted)
rElec    .         Harm     .   m - +0 cloak
rCorr    .         Rampage  .   k - +2 pair of gloves
Will     .....                  g - +2 pair of boots
Stlth    ..........             (no amulet)
HPRegen  0.17/turn              c - ring of see invisible
MPRegen  0.11/turn              C - +6 ring of dexterity

@: heroic
A: horns 2, retaliatory headbutt, [frail 2]
a: Renounce Religion


You were on level 5 of the Dungeon.
You worshipped Okawaru.
Okawaru was noncommittal.
You visited 2 branches of the dungeon, and saw 6 of its levels.
You visited the Abyss 1 time.
You also visited: Sewer and Ossuary.

You collected 218 gold pieces.

Inventory:

Hand Weapons
 a - a +1 falchion (weapon)
 p - a +2 flail of protection
 G - a +1 vorpal mace
Missiles
 E - a throwing net
Armour
 b - a +0 leather armour
 e - a +0 scale mail
 g - a +2 pair of boots (worn)
 k - a +2 pair of gloves (worn)
 m - a +0 cloak (worn)
 w - a +0 chain mail (worn)
Jewellery
 c - a ring of see invisible (left hand)
 j - a ring of willpower
 C - a +6 ring of dexterity (right hand)
 D - an amulet of the acrobat
Scrolls
 d - 2 scrolls of magic mapping
 i - a scroll of acquirement {unknown}
 o - 4 scrolls of amnesia {unknown}
 r - a scroll of enchant armour {unknown}
 t - 8 scrolls of identify
 v - a scroll of silence {unknown}
 x - 3 scrolls of teleportation
 y - a scroll of fear {unknown}
Potions
 f - a potion of invisibility {unknown}
 h - a potion of lignification
 l - 2 potions of heal wounds {unknown}
 n - 3 potions of might {unknown}
 q - a potion of mutation {unknown}
 s - 2 potions of curing {unknown}
 u - a potion of degeneration {unknown}
 z - 3 potions of attraction {unknown}
 A - a potion of cancellation {unknown}
 B - a potion of haste {unknown}
 F - 2 potions of brilliance {unknown}


   Skills:
 - Level 3.6(8.6) Fighting
 - Level 10.4(15.4) Long Blades
 + Level 4.8(9.8) Armour
 + Level 2.4(7.4) Dodging
 * Level 3.8 Invocations


You had 7 spell levels left.
You didn't know any spells.
Your spell library contained the following spells:

 Spells                   Type           Power      Damage    Failure   Level
 Corona                   Hex            0%         N/A       99%         1
 Pain                     Necr           0%         1d4       99%         1
 Ensorcelled Hibernation  Hex/Ice        0%         N/A       100%        2
 Tukima's Dance           Hex            0%         N/A       100%        3
 Summon Ice Beast         Ice/Summ       0%         N/A       100%        4
 Agony                    Necr           0%         N/A       100%        5
 Excruciating Wounds      Necr           0%         N/A       100%        5
 Summon Mana Viper        Hex/Summ       0%         N/A       100%        5
 Monstrous Menagerie      Summ           0%         N/A       100%        7


Dungeon Overview and Level Annotations

Branches:
Dungeon (5/15)             Temple (1/1) D:5           Sewer (visited)
Ossuary (visited)

Altars:
Ashenzari
Cheibriados
Dithmenos
Elyvilon
Fedhas
Gozag
Kikubaaqudgha
Makhleb
Nemelex Xobeh
Okawaru
Qazlal
Ru
Sif Muna
Uskayaw
Wu Jian
Xom
Yredelemnul
The Shining One


Innate Abilities, Weirdness & Mutations

You have a pair of horns on your head.
You reflexively headbutt those who attack you in melee.
[You are very frail. (-20% HP)]


Message History

Okawaru accepts your kill.
You see here a dart slug corpse.
There is a stone staircase leading up here.
You see here 17 sling bullets.
There is a dry fountain here.
Done exploring.
Lugonu sends minions to punish you.
A wretched star comes into view.
You slash the wretched star!
The wretched star is lightly damaged.
You hit the wretched star but do no damage.
The wretched star is lightly damaged.
You closely miss the wretched star.
The wretched star is lightly damaged.
You hit the wretched star but do no damage.
The wretched star is lightly damaged.
You closely miss the wretched star.
The wretched star is lightly damaged.
The wretched star glows turbulently.
The lance of force hits you!
You are knocked back by the lance of force.
You gain the combat prowess of a mighty hero.
You can no longer gain great but temporary skills.
You closely miss the wretched star.
You headbutt the wretched star, but do no damage.
The wretched star is lightly damaged.
The wretched star glows turbulently.
The lance of force hits you!!
You are knocked back by the lance of force.
The wretched star pulses with an eldritch light!
You feel frail. x2
You hit the wretched star.
The wretched star is lightly damaged.
The wretched star glows turbulently.
The lance of force hits you!
* * * LOW HITPOINT WARNING * * *
You are knocked back by the lance of force.
The wretched star glows turbulently.
The lance of force hits you!
You die...

................[......##...###..
.............<.>.......###.##...#
...............................##
†..........................##.###
...............#...........#### #
.........................#...#
.###..#...#.....*.....#..#..'####
.#...###.)#...........##....#....
#......#...##...@...........#.###
P.P...PP...##...............#...#
P..≈≈.......................###.†
..≈≈≈≈......................#....
≈≈≈≈≈≈≈..##..##<........######.#.
≈≈≈≈≈≈≈≈.†............####...#.##
≈≈≈≈≈≈≈≈P..##..........#.#._.#...
≈≈≈≈≈≈≈≈...#..#.......=..#....###
♣≈≈≈≈≈≈(......##.....#...#######.


You could see a wretched star.

Vanquished Creatures
  Purgy (Sewer)
  A black bear (D:5)
  An ice beast (D:5)
  A sky beast (D:5)
  2 ogres (D:5)
  3 elf zombies (Ossuary)
  A scorpion (D:5)
  2 centaur zombies (Ossuary)
  A human zombie (Ossuary)
  A centaur skeleton (D:5)
  2 iguanas
  Natasha (D:3)
  2 orc wizards
  A howler monkey zombie (D:3)
  2 mummies (Ossuary)
  7 adders
  4 worms
  5 dart slugs
  8 orcs
  12 endoplasms
  4 giant cockroaches
  7 goblins
  7 hobgoblins
  5 jackals (D:3)
  9 kobolds
  7 quokkas
  6 ball pythons
  11 bats
  3 frilled lizards
  A goblin zombie (Ossuary)
  7 hobgoblin zombies (Ossuary)
  A jackal zombie (Ossuary)
  5 kobold zombies (Ossuary)
  14 orc zombies (Ossuary)
  8 rats
  3 rat zombies (Ossuary)
156 creatures vanquished.

Vanquished Creatures (others)
  A plant (D:5)
1 creature vanquished.

Grand Total: 157 creatures vanquished

Notes
Turn   | Place    | Note
-------+----------+-------------------------------------------
     0 | Abyss:1  | a11behringer the Minotaur Abyssal Knight began the quest
                  | for the Orb.
     0 | Abyss:1  | Reached XP level 1. HP: 19/19 MP: 1/1
    13 | D:1      | Escaped the Abyss
   232 | D:1      | Reached skill level 3 in Long Blades
   386 | D:1      | Reached XP level 2. HP: 26/26 MP: 2/2
  1155 | D:2      | Reached skill level 4 in Long Blades
  1164 | D:2      | Reached XP level 3. HP: 30/31 MP: 3/3
  1166 | D:2      | Reached ** piety under Lugonu
  2054 | D:2      | Reached skill level 5 in Long Blades
  2144 | D:3      | Reached XP level 4. HP: 39/39 MP: 4/4
  2472 | D:3      | Reached skill level 6 in Long Blades
  2522 | D:3      | Noticed Natasha
  2531 | D:3      | Killed Natasha
  2532 | D:3      | Reached XP level 5. HP: 45/45 MP: 5/5
  2656 | D:3      | Reached *** piety under Lugonu
  3473 | D:4      | Found a sand-covered staircase.
  3481 | Ossuary  | Entered an ossuary
  3519 | Ossuary  | Reached skill level 7 in Long Blades
  3589 | Ossuary  | Reached **** piety under Lugonu
  3590 | Ossuary  | Reached XP level 6. HP: 47/51 MP: 6/6
  3611 | Ossuary  | Reached skill level 8 in Long Blades
  3653 | Ossuary  | Reached skill level 9 in Long Blades
  3665 | Ossuary  | Reached XP level 7. HP: 36/57 MP: 7/7
  3825 | D:4      | Found a glowing drain.
  3846 | Sewer    | Entered a sewer
  3942 | Sewer    | Noticed Purgy
  3963 | Sewer    | Killed Purgy
  4186 | D:4      | Found a snail-covered altar of Cheibriados.
  4474 | D:4      | Reached skill level 10 in Long Blades
  4615 | D:5      | Entered Level 5 of the Dungeon
  4620 | D:5      | Found an ancient bone altar of Kikubaaqudgha.
  4698 | D:5      | Found a staircase to the Ecumenical Temple.
  4713 | Temple   | Entered the Ecumenical Temple
  4778 | Temple   | Fell from the grace of Lugonu
  4796 | Temple   | Became a worshipper of Warmaster Okawaru
  4880 | D:5      | Found a white marble altar of Elyvilon.
  5214 | D:5      | Reached XP level 8. HP: 39/64 MP: 7/9
  5503 | D:5      | Reached * piety under Okawaru
  5520 | D:5      | Found a basalt altar of Yredelemnul.
  5532 | D:5      | Found a blossoming altar of Fedhas.
  5710 | D:5      | Noticed a wretched star
  5725 | D:5      | Killed from afar by a wretched star

Illustrated notes

Levels and vault maps discovered:
D:1:      psy_arrival_conway, layout_rooms
D:2:      layout_basic
D:3:      minmay_skewed_foursquare, layout_basic, grunt_ministairs_7,
          uniq_natasha
D:4:      layout_cave_pools, kennysheep_slug_shrine, gup_sewer_entry_pipe,
          chequers_ossuary_entry_cave, minivault_1
D:5:      layout_cave_pools, mainiacjoe_overflow_swirl, kiku_gazebo_pond_becter,
          mainiacjoe_overflow_small_starburst, minmay_temple_entry_mist,
          guppyfry_early_lair_pool
Temple:   dshaligram_water_room_temple

Skill      XL: |  1  2  3  4  5  6  7  8 |
---------------+-------------------------+-----
Long Blades    | 3 4 5 6 7 9 10 | 10.4
Invocations    | 2 3 |  3.8
Armour         | 3 4 |  4.8
Dodging        | 2 |  2.4
Fighting       | |  3.6

Action                   |  1- 3 |  4- 6 |  7- 9 || total
-------------------------+-------+-------+-------++-------
Melee: Falchion          |    72 |   210 |   160 ||   442
       Headbutt          |     8 |    41 |    43 ||    92
Invok: Bend Space        |     1 |       |       ||     1
       Renounce Religion |       |       |     1 ||     1
       Heroism           |       |       |     1 ||     1
  Use: Scroll            |     3 |     2 |       ||     5
Armor: Leather armour    |    10 |       |       ||    10
       Scale mail        |    22 |   119 |    46 ||   187
       Chain mail        |       |       |    49 ||    49
Dodge: Dodged            |    63 |    97 |    63 ||   223
       Rpst.: Falchion   |    18 |    32 |    14 ||    64
